AoeStats
← Table_Rase

Scandinavia

510498156Analyzed
1v1 RM · 16h ago on Oct 1, 2026· 29m 19s· 2 players
Game mode
Random Map
Map size
Tiny (2 player)
Population
200
Speed
Normal
Resources
Standard
Victory
Conquest
Starting age
Dark Age
Ending age
Imperial Age
RankedLock teamsTeams togetherTeam positionsShared explorationLock speedFull tech treeHidden civsTurbo modeCheats
Victory
Defeat
🇩🇪 Koreans · Germany
1633
+13
🇫🇷 Mongols · France
1571
-13
Table_Rase
7:18 Loom
9:26 Feudal Age
10:09 Double-Bit Axe
13:08 Man-at-Arms
14:43 Scale Barding Armor
14:48 Forging
17:39 Horse Collar
22:27 Castle Age
21:53 Bloodlines
22:34 Gold Mining
23:32 Bow Saw
23:27 Husbandry
24:16 Iron Casting
Sir Deep purple 2
11:29 Feudal Age
10:08 Loom
16:45 Wheelbarrow
19:29 Castle Age
17:23 Double-Bit Axe
18:33 Fishing Lines
20:27 Fletching
21:16 Bow Saw
24:02 Bodkin Arrow
32:27 Imperial Age
Connection lost

Rejoining the realm…

Still unreachable

The connection could not be restored.

Session expired

The server has moved on; the page needs a fresh start.